 Dungeon Crawl Stone Soup version 0.27.0-1-g7a089689b8 (webtiles) character file.

Game seed: 17097414070790715589

0 Sobieck the Skirmisher (level 1, -1/19 HPs)
             Began as a Palentonga Fighter on Aug 5, 2021.
             Slain by a gnoll (4 damage)
             ... on level 1 of the Dungeon.
             The game lasted 00:00:15 (18 turns).

Sobieck the Skirmisher (Palentonga Fighter)           Turns: 18, Time: 00:00:17

Health: -1/19      AC:  6    Str: 19    XL:     1   Next: 0%
Magic:  1/1        EV:  5    Int:  8    God:
Gold:   0          SH:  8    Dex:  9    Spells: 0/0 levels left

rFire    . . .     SeeInvis +   a - +0 war axe {axe}
rCold    . . .     Faith    .   c - +0 kite shield
rNeg     . . .     Spirit   .   b - +0 scale mail
rPois    .         Reflect  .   (no helmet)
rElec    .         Harm     .   (no cloak)
rCorr    .         Rampage  .   (no gloves)
Will     .....                  (no barding)
Stlth    ..........             (no amulet)
HPRegen  0.06/turn              (no ring)
MPRegen  0.07/turn              (no ring)

@: no status effects
A: large, rugged brown scales 3, see invisible, deformed body, roll 1, armoured
tail
a: Rolling Charge


You were on level 1 of the Dungeon.
You visited 1 branch of the dungeon, and saw 1 of its levels.


Innate Abilities, Weirdness & Mutations

You are completely covered in rugged brown scales. (AC +3, +7% HP)
You have supernaturally acute eyesight. (SInv)
Armour fits poorly on your strangely shaped body.
You can roll at nearby foes to attack.
You have a long armoured tail.


   Skills:
 - Level 3.0 Fighting
 + Level 2.0 Axes
 - Level 2.4 Armour
 - Level 2.4 Shields


You couldn't memorise any spells.
You didn't know any spells.
Your spell library was empty.

Inventory:

Hand Weapons
 a - a +0 war axe (weapon) {axe}
Armour
 b - a +0 scale mail (worn)
 c - a +0 kite shield (worn)
Potions
 d - a potion of might

Dungeon Overview and Level Annotations

Branches:
Dungeon (1/15)

Altars:

#####.. ....?..
########...##.
.......
#.....##.8.#.. .....#
#..<..##...#..#.....#
#.....##...#........#
#.....##.≈.#........#
#.....'..≈.#..†)...#
#.....##.≈.#..@....#
#.....##.≈.#..g....#
#.....##...#.......#
########.....####+##
#####.# ..# ##.# ..
.#


You could see a gnoll.


Message History

🤖 Initializing magus.rc ... ✅ Successfully initialized magus_sobieck.rc [v0.0.2] Welcome, Sobieck the Palentonga Fighter.
It is said that the Orb of Zot exists deep within this dungeon.
Press ? for a list of commands and other information.
Found a staircase leading out of the dungeon.
Setting a skill training target for Axes at 16.0.
As you open the door, it creaks loudly!
You hear a shout! x2
There is an open door here.
A goblin comes into view. It is wielding a +0 dagger.
Danger!
Roll where?
Press: ? - help, Dir - move target, f - goblin
Aim: a goblin, wielding a +0 dagger You roll forward with a clatter of scales!
You closely miss the goblin.
A jackal comes into view.
You hear a shout!
The goblin hits you but does no damage. You block the goblin's attack.
You barely miss the goblin.
A gnoll comes into view. It is wielding a +0 club.
The goblin hits you but does no damage.
You barely miss the goblin. The goblin hits you with a +0 dagger.
You block the jackal's attack. The goblin hits you with a +0 dagger.
You barely miss the jackal.
Your tail-slap misses the jackal.
You miss the goblin. The jackal bites you.
The goblin hits you with a +0 dagger. The jackal bites you.
* * * LOW HITPOINT WARNING * * *
You block the goblin's attack.
You are too injured to fight recklessly!
You are too injured to fight recklessly!
You are too injured to fight recklessly!
Unknown command.
You slash the gnoll! You barely miss the goblin. You closely miss the jackal.
The jackal bites you but does no damage.
The gnoll completely misses you. You block the jackal's attack.
You block the goblin's attack. The gnoll hits you with a +0 club.
* * * LOW HITPOINT WARNING * * *
Your scale mail prevents you from hitting the gnoll.
Your tail-slap misses the gnoll.
You hit the jackal. You closely miss the goblin. You block the jackal's attack.
The goblin barely misses you. The jackal barely misses you.
The gnoll hits you with a +0 club.
* * * LOW HITPOINT WARNING * * *
The goblin hits you but does no damage.
The jackal bites you but does no damage.
You hit the gnoll but do no damage. You tail-slap the gnoll.
You hit the jackal.
You kill the jackal!
You hit the goblin.
You kill the goblin!
The gnoll hits you with a +0 club.
You die...

Action                   || total
-------------------------++-------
Melee: War axe           ||     7
       Tailslap          ||     1
 Abil: Rolling Charge    ||     1
Armor: Scale mail        ||     5
Dodge: Dodged            ||     3
Block: Kite shield       ||     6

Levels and vault maps discovered:
D:1:      dpeg_arrival_rooms_c, layout_basic,
          hellmonk_ecumenical_altar_inner_sanctum, corexii_hall_statues_t,
          st_stairs_11, chequers_serial_rivers_large_b

Notes
Turn   | Place    | Note
-------+----------+-------------------------------------------
     0 | D:1      | Sobieck the Palentonga Fighter began the quest for the Orb.
     0 | D:1      | Reached XP level 1. HP: 19/19 MP: 1/1
    17 | D:1      | HP: 3/19 [gnoll (4)]
    18 | D:1      | Slain by a gnoll

Vanquished Creatures
  A goblin (D:1)
  A jackal (D:1)
2 creatures vanquished.

Table legend:
 A = Non-vault XP
 B = Vault XP
 C = Vault XP percentage of total XP
 D = Non-vault monster count
 E = Vault monster count
 F = Vault count percentage of total count
                 A         B        C        D         E       F
            +---------+---------+-------+---------+---------+-------
      Total |       4 |       0 |   0.0 |       2 |       0 |   0.0
            +---------+---------+-------+---------+---------+-------
        D:1 |       4 |       0 |   0.0 |       2 |       0 |   0.0
            +---------+---------+-------+---------+---------+-------

Illustrated notes

Table legend:
 A = Kills in this place as a percentage of kills in entire the game.
 B = Kills by you in this place as a percentage of kills by you in the entire game.
 C = Kills by friends in this place as a percentage of kills by friends in the entire game.
 D = Other kills in this place as a percentage of other kills in the entire game.
 E = Experience gained in this place as a percentage of experience gained in the entire game.
 F = Experience gained in this place divided by the number of levels of this place that you have seen.
                   A       B       C       D       E      F
               +-------+-------+-------+-------+-------+----------------------
         Total | 100.0 | 100.0 |   N/A |   N/A | 100.0 |   4.0
       Dungeon | 100.0 | 100.0 |   N/A |   N/A | 100.0 |   4.0
               +-------+-------+-------+-------+-------+----------------------

Table legend: (Time is in decaauts)
 A = Elapsed time spent in this place.
 B = Non-inter-level travel time spent in this place.
 C = Inter-level travel time spent in this place.
 D = Time resting spent in this place.
 E = Time spent auto-exploring this place.
 F = Levels seen in this place.
 G = Mean time per level.
                   A        B        C        D        E       F      G
               +--------+--------+--------+--------+--------+-----+--------+
         Total |     21 |     21 |      0 |      0 |     10 |   1 |   21.0 |
       Dungeon |     21 |     21 |      0 |      0 |     10 |   1 |   21.0 |
               +--------+--------+--------+--------+--------+-----+--------+

Top non-repeatable levels by time:
     D:1: 21 daAuts
